 Dungeon Crawl Stone Soup version 0.29-a0-459-g97dee8cd24 (webtiles) character file.

Game seed: 17339550366968614109

2914 siradein the Slasher (level 9, -2/69 HPs)
             Began as a Vampire Fighter on May 20, 2022.
             Was a Believer of Kikubaaqudgha.
             Slain by a killer bee (8 damage)
             ... on level 6 of the Dungeon on May 21, 2022.
             The game lasted 00:17:16 (7714 turns).

siradein the Slasher (Vampire Fighter)              Turns: 7714, Time: 00:17:16

Health: -2/69      AC: 10    Str: 15    XL:     9   Next: 50%
Magic:  14/14      EV: 10    Int: 15    God:    Kikubaaqudgha [**....]
Gold:   115        SH:  5    Dex: 13    Spells: 7/14 levels left

rFire   + . .      SeeInvis +   D - +0 long sword (flame)
rCold   + . .      Faith    +   c - +0 buckler
rNeg    . . .      Spirit   .   H - +4 ring mail
rPois   .          Reflect  .   (no helmet)
rElec   .          Harm     .   l - scarf {rC+ rF+}
rCorr   +          Rampage  .   (no gloves)
Will    +....                   (no boots)
Stlth   +.........              h - amulet of faith
HPRegen 0.41/turn               C - ring of resist corrosion
MPRegen 0.14/turn               x - ring of willpower

@: healing quickly
A: alive, fangs 3, see invisible, vampiric 2
a: Exsanguinate, Renounce Religion, Unearth Wretches


You were on level 6 of the Dungeon.
You worshipped Kikubaaqudgha.
Kikubaaqudgha was pleased with you.
You visited 2 branches of the dungeon, and saw 8 of its levels.
You also visited: Sewer.

You collected 231 gold pieces.
You spent 116 gold pieces at shops.

Inventory:

Hand Weapons
 D - a +0 long sword of flaming (weapon)
Armour
 a - a +0 cloak
 c - a +0 buckler (worn)
 l - a scarf of resistance (worn)
 m - a +0 kite shield
 H - a +4 ring mail (worn)
Magical Staves
 p - a staff of earth
Jewellery
 h - an amulet of faith (around neck)
 x - a ring of willpower (right hand)
 C - a ring of resist corrosion (left hand)
Wands
 w - a wand of paralysis (7)
Scrolls
 e - 8 scrolls of teleportation
 f - 2 scrolls of enchant armour {unknown}
 i - a scroll of brand weapon {unknown}
 o - 4 scrolls of fear {unknown}
 q - 2 scrolls of blinking
 r - a scroll of enchant weapon {unknown}
 y - a scroll of amnesia {unknown}
 B - a scroll of poison {unknown}
 E - a scroll of immolation {unknown}
Potions
 b - a potion of resistance
 d - a potion of might
 g - 3 potions of heal wounds
 k - 4 potions of flight
 n - 2 potions of attraction {unknown}
 s - 2 potions of mutation
 t - 3 potions of curing
 u - 3 potions of cancellation
 v - 3 potions of degeneration {unknown}
 z - a potion of haste {unknown}
 A - a potion of magic {unknown}
 F - a potion of brilliance {unknown}
 G - a potion of lignification {unknown}


   Skills:
 + Level 6.0 Fighting
 + Level 6.2 Long Blades
 + Level 5.6 Armour
 + Level 6.0 Shields
 + Level 3.3 Spellcasting
 + Level 4.2 Necromancy


You had 7 spell levels left.
You knew the following spells:

 Your Spells              Type           Power      Damage    Failure   Level
a - Vampiric Draining     Necr           15%        2d7       24%         3
b - Anguish               Hex/Necr       4%         N/A       88%         4

Your spell library contained the following spells:

 Spells                   Type           Power      Damage    Failure   Level
 Necrotize                Necr           60%        1d7       9%          1
 Sublimation of Blood     Necr           15%        N/A       12%         2
 Wereblood                Tmut           2%         N/A       56%         2
 Ozocubu's Armour         Ice            2%         N/A       80%         3
 Metabolic Englaciation   Hex/Ice        1%         N/A       100%        5
 Simulacrum               Ice/Necr       4%         N/A       100%        6
 Summon Hydra             Summ           1%         N/A       100%        7


Dungeon Overview and Level Annotations

Branches:
Dungeon (7/15)             Temple (1/1) D:4           Sewer (visited)

Altars:
Ashenzari
Cheibriados
Dithmenos
Elyvilon
Fedhas
Gozag
Hepliaklqana
Kikubaaqudgha
Makhleb
Nemelex Xobeh
Okawaru
Qazlal
Ru
Sif Muna
Trog
Uskayaw
Vehumet
Wu Jian
Xom
Yredelemnul
Zin
The Shining One

Shops:
D:6 (

Annotations:
D:3 Eustachio
D:7 1 transporter


Innate Abilities, Weirdness & Mutations

Your natural rate of healing is accelerated.
You have razor-sharp teeth.
You have supernaturally acute eyesight. (SInv)
You are afflicted with vampirism and can become a bat while bloodless.


Message History

You feel better. You block the killer bee's attack.
The killer bee barely misses you.
You miss the killer bee. The killer bee stings you.
* * * LOW HITPOINT WARNING * * *
You are lethally poisoned!
The killer bee poisons you! The killer bee closely misses you.
You feel better. The killer bee closely misses you.
The killer bee stings you but does no damage.
You closely miss the killer bee. The killer bee closely misses you.
The killer bee misses you. The killer bee barely misses you.
You miss the killer bee. You block the killer bee's attack. x2
You closely miss the killer bee. The killer bee barely misses you.
The killer bee stings you but does no damage.
You closely miss the killer bee. Your bite misses the killer bee.
The killer bee stings you but does no damage.
The killer bee stings you.
* * * LOW HITPOINT WARNING * * *
You miss the killer bee. The killer bee closely misses you.
The killer bee barely misses you. You block the killer bee's attack.
You closely miss the killer bee. The killer bee closely misses you.
The killer bee stings you but does no damage.
You miss the killer bee. You block the killer bee's attack.
The killer bee stings you but does no damage.
You miss the killer bee. The killer bee closely misses you. x2
The killer bee stings you.
* * * LOW HITPOINT WARNING * * *
You miss the killer bee. You bite the killer bee.
The killer bee is moderately wounded.
You block the killer bee's attack. The killer bee barely misses you.
You hit the killer bee. You burn the killer bee.
The killer bee is heavily wounded.
You block the killer bee's attack. x2
You hit the killer bee but do no damage.
The killer bee is heavily wounded.
The killer bee barely misses you. x2
You completely miss the killer bee.
The killer bee is heavily wounded.
The killer bee stings you!
You die...
Kikubaaqudgha rasps: "You have failed me!
Welcome... death!"

.........[...#............# #..
.....######...............# #..
....## #..)............# #..
....# ###...............# #..
....# #.....<...........#######
.#.## #.####.#.............# .#.#
#.####.#y............# # ...#
#.#....#y####'##.....# # ...#
#.#.##.#@# #.##.....# # ...#
#.#.##.#.# #.##.....# #
...######.#.####.# #.##.....# #
........#......#.# #.######## #
..#####.#...#.##.# #.# #
<..O........#.##.####.### #
e###.##.#.#.#.##........#########
..........#.#.######....[........
.....#.####.#.........#.#########


You could see 2 killer bees.

Vanquished Creatures
  Sigmund (D:2)
  A steam dragon (D:4)
  Menkaure (D:5)
  2 ice beasts (D:6)
  A sky beast (D:6)
  Duvessa (D:6)
  3 black bears
  2 ogres
  A centaur (D:6)
  A phantom (D:6)
  3 bullfrogs
  2 necrophages
  A scorpion (D:6)
  Dowan (D:6)
  A vampire bat (D:5)
  3 hounds (D:6)
  A jelly (D:4)
  3 orc priests
  A gnoll shaman (D:4)
  4 iguanas
  Natasha (thrice) (D:2)
  Terence (D:3)
  7 orc wizards
  A scorpion zombie (D:4)
  2 hound skeletons (D:4)
  5 gnolls
  15 adders
  2 river rats
  A white imp (D:5)
  An adder skeleton (D:4)
  2 worms
  4 dart slugs
  3 fire bats (D:5)
  14 orcs
  2 spectral bats (D:5)
  15 bats
  3 bat skeletons (D:5)
  A bat zombie (D:5)
  3 endoplasms
  3 giant cockroaches
  3 goblins
  5 hobgoblins
  3 jackals (D:1)
  4 quokkas
  9 ball pythons
  A bat simulacrum (D:5)
  6 frilled lizards
  9 kobolds
  24 rats
186 creatures vanquished.

Vanquished Creatures (others)
  A bullfrog skeleton (D:4)
  An adder zombie (D:4)
  A plant (D:6)
3 creatures vanquished.

Grand Total: 189 creatures vanquished

Notes
Turn   | Place    | Note
-------+----------+-------------------------------------------
     0 | D:1      | siradein the Vampire Fighter began the quest for the Orb.
     0 | D:1      | Reached XP level 1. HP: 17/17 MP: 1/1
    99 | D:1      | Reached XP level 2. HP: 23/23 MP: 2/2
   514 | D:1      | Found a faded altar of an unknown god.
   900 | D:2      | Gained mutation: You are afflicted with vampirism and can
                  | become a bat while bloodless. [Vampire growth]
   900 | D:2      | Reached XP level 3. HP: 18/29 MP: 3/3
  1046 | D:2      | Noticed Natasha
  1072 | D:2      | Killed Natasha
  1073 | D:2      | Reached XP level 4. HP: 22/35 MP: 4/4
  1241 | D:2      | Noticed Natasha
  1257 | D:2      | Killed Natasha
  1291 | D:2      | Noticed Natasha
  1305 | D:2      | Killed Natasha
  1329 | D:2      | You fall into a shaft and drop 1 floor!
  1356 | D:3      | Reached XP level 5. HP: 41/41 MP: 5/5
  1382 | D:3      | Found a glowing drain.
  1433 | Sewer    | Entered a sewer
  1846 | Sewer    | Reached XP level 6. HP: 6/48 MP: 6/6
  1855 | Sewer    | HP: 1/48 [bullfrog (3)]
  2085 | D:3      | Noticed Terence
  2111 | D:3      | Killed Terence
  2540 | D:2      | Noticed Sigmund
  2555 | D:2      | Killed Sigmund
  2556 | D:2      | Reached XP level 7. HP: 38/55 MP: 7/7
  3099 | D:4      | Noticed Eustachio
  3180 | D:4      | Noticed a steam dragon
  3203 | D:4      | HP: 1/55 [steam dragon (5)]
  3204 | D:4      | Killed a steam dragon
  3534 | D:4      | Found a staircase to the Ecumenical Temple.
  3544 | Temple   | Entered the Ecumenical Temple
  3710 | Temple   | Became a worshipper of Kikubaaqudgha
  4093 | D:4      | Reached skill level 1 in Necromancy
  4093 | D:4      | Reached XP level 8. HP: 51/61 MP: 8/8
  4208 | D:4      | Reached skill level 5 in Fighting
  4208 | D:4      | Reached skill level 5 in Long Blades
  4208 | D:4      | Reached skill level 5 in Shields
  4340 | D:5      | Entered Level 5 of the Dungeon
  4377 | D:5      | Reached skill level 1 in Spellcasting
  4649 | D:5      | Noticed Menkaure
  4817 | D:5      | Killed Menkaure
  5124 | D:5      | Found a hazy altar of Hepliaklqana.
  5126 | D:5      | Found a blossoming altar of Fedhas.
  5244 | D:5      | Reached * piety under Kikubaaqudgha
  5244 | D:5      | Received a gift from Kikubaaqudgha
  5261 | D:5      | Learned a level 3 spell: Vampiric Draining
  5266 | D:5      | Learned a level 4 spell: Anguish
  5635 | D:6      | Reached skill level 5 in Armour
  5850 | D:6      | Reached XP level 9. HP: 41/68 MP: 12/12
  6144 | D:5      | Reached ** piety under Kikubaaqudgha
  6329 | D:6      | Noticed Duvessa
  6331 | D:6      | Noticed Dowan
  6541 | D:6      | Killed Duvessa
  6628 | D:6      | Killed Dowan
  6971 | D:6      | Found Byadacre's Hydra Hut.
  6972 | D:6      | Noticed a four-headed hydra
  6976 | D:6      | Bought a +0 long sword of flaming for 116 gold pieces
  7634 | D:7      | Found a transporter.
  7699 | D:6      | HP: 3/69 [killer bee (4)]
  7699 | D:6      | HP: 1/69 [poisoned by a killer bee]
  7714 | D:6      | Slain by a killer bee

Illustrated notes

Levels and vault maps discovered:
D:1:      heliophobic_arrival_enchanted_forest, layout_loops_ring,
          hellmonk_ecumenical_altar_leap_of_faith
D:2:      layout_basic, minmay_door_square, minmay_lizard_pond, uniq_natasha,
          uniq_sigmund
D:3:      layout_basic, portal_sewer_entry_a, kennysheep_generic_room_14,
          uniq_terence
D:4:      layout_rooms, minmay_temple_entry_arrows, serial_undead,
          serial_undead_d, serial_undead_e, serial_undead_a, serial_undead_e,
          uniq_eustachio
D:5:      layout_rooms, chequers_temple_overflow_statue_of_worship,
          minmay_misc_feat_roman, hangedman_decor_opposing, goddamned_bats,
          uniq_menkaure
D:6:      layout_basic, doesnt_shop_hydraphobe, uniq_duvessa
D:7:      layout_cave_pools, gammafunk_ghost_hive, uniq_maggie
Temple:   mainiacjoe_temple_cubbyholes

Skill      XL: |  1  2  3  4  5  6  7  8  9 |
---------------+----------------------------+-----
Fighting       | 3 4 5 6 |  6.0
Shields        | 3 4 5 6 |  6.0
Armour         | 3 4 5 |  5.6
Long Blades    | 3 4 5 6 |  6.2
Necromancy     | 1 3 4 |  4.2
Spellcasting   | 2 3 |  3.3

Action                   |  1- 3 |  4- 6 |  7- 9 || total
-------------------------+-------+-------+-------++-------
Melee: Long sword        |    52 |    82 |   549 ||   683
       Bite              |    12 |    25 |    79 ||   116
       Short sword       |    87 |   263 |       ||   350
  Use: Potion            |       |     2 |     2 ||     4
       Scroll            |       |       |     8 ||     8
Armor: Scale mail        |    77 |    49 |       ||   126
       Plate armour      |       |   252 |       ||   252
       Chain mail        |       |    52 |   137 ||   189
       Ring mail         |       |       |   251 ||   251
Dodge: Dodged            |    40 |    92 |   298 ||   430
Block: Buckler           |    19 |    18 |   183 ||   220
       Kite shield       |    42 |   181 |       ||   223

Table legend: (Time is in decaauts)
 A = Elapsed time spent in this place.
 B = Non-inter-level travel time spent in this place.
 C = Inter-level travel time spent in this place.
 D = Time resting spent in this place.
 E = Time spent auto-exploring this place.
 F = Levels seen in this place.
 G = Mean time per level.
                   A        B        C        D        E       F      G
               +--------+--------+--------+--------+--------+-----+--------+
         Total |   7962 |   7663 |    299 |    978 |   4392 |   9 |  884.7 |
       Dungeon |   6807 |   6561 |    246 |    887 |   3779 |   7 |  972.4 |
        Temple |    517 |    464 |     53 |     91 |    298 |   1 |  517.0 |
         Sewer |    637 |    637 |      0 |      0 |    314 |   1 |  637.0 |
               +--------+--------+--------+--------+--------+-----+--------+

Top non-repeatable levels by time:
     D:5: 1564 daAuts
     D:6: 1511 daAuts
     D:2: 1183 daAuts
     D:4: 915 daAuts
     D:1: 812 daAuts
     D:3: 672 daAuts
   Sewer: 637 daAuts
  Temple: 517 daAuts
     D:7: 146 daAuts
